 Dungeon Crawl Stone Soup version 0.25-a0-479-g8579842fd4 (webtiles) character file.

Game seed: 9154300858171993127, levelgen mode: deterministic

46410 Kohma the Tortoise (level 14, -2/148 HPs)
             Began as a Minotaur Berserker on Feb 9, 2020.
             Was a High Priest of Trog.
             Slain by a spiny frog (14 damage)
             ... on level 5 of the Lair of Beasts.
             The game lasted 00:41:17 (16223 turns).

Kohma the Tortoise (Minotaur Berserker)            Turns: 16223, Time: 00:41:18

Health: -2/148     AC: 27    Str: 28    XL:     14   Next: 4%
Magic:  0/13       EV: 13    Int:  4    God:    Trog [*****.]
Gold:   1047       SH:  0    Dex: 11    Spells: 13/13 levels left

rFire    . . .     SeeInvis .   b - +8 whip "Snakebite" {curare, rPois}
rCold    + . .     Gourm    .   (no shield)
rNeg     . . .     Faith    .   x - +0 plate armour
rPois    +         Spirit   +   L - +3 hat of the Stars {Str+2}
rElec    .         Reflect  .   l - +0 cloak
rCorr    .         Harm     .   i - +1 pair of gloves
MR       ++...                  m - +0 pair of boots
Stlth    ..........             J - amulet of guardian spirit
HPRegen  0.34/turn              B - ring of protection from magic
MPRegen  0.13/turn              K - ring of protection from cold

@: no status effects
A: retaliatory headbutt, horns 2, blink, robust 1
a: Blink, Berserk, Trog's Hand, Brothers in Arms, Renounce Religion


You were on level 5 of the Lair of Beasts.
You worshipped Trog.
Trog was extremely pleased with you.
You were near starving.

You visited 2 branches of the dungeon, and saw 16 of its levels.
You also visited: Sewer.

You collected 1047 gold pieces.

Inventory:

Hand Weapons
 a - a +4 antimagic battleaxe
 b - the +8 whip "Snakebite" (weapon) {curare, rPois}
   (You found it on level 7 of the Dungeon)

   It poisons the flesh of those it strikes.
   It protects you from poison.
 H - a +6 glaive of flaming
 P - a +7 broad axe of flaming
Missiles
 n - 59 poisoned darts
 I - 2 curare-tipped darts (quivered)
 N - 7 silver javelins
Armour
 i - a +1 pair of gloves (worn)
 l - a +0 cloak (worn)
 m - a +0 pair of boots (worn)
 x - a +0 plate armour (worn)
 L - the +3 hat of the Stars (worn) {Str+2}
   (You acquired it on level 2 of the Lair of Beasts)

   It affects your strength (+2).
   If you remove this armour, your AC will fall 3 points (27 -> 24)
Jewellery
 s - an uncursed amulet of the acrobat {unknown}
 B - a ring of protection from magic (left hand)
 D - an uncursed ring of poison resistance
 J - an amulet of guardian spirit (around neck)
 K - a ring of protection from cold (right hand)
Wands
 k - a wand of iceblast (10)
 w - a wand of acid (16)
 F - a wand of disintegration (27)
 G - a wand of digging (4)
 O - a wand of flame (10)
Scrolls
 e - 7 scrolls of teleportation
 j - 2 scrolls of magic mapping
 q - 4 scrolls of remove curse
 t - a scroll of fear
 u - 3 scrolls of enchant armour
 y - 3 scrolls of blinking
 Q - a scroll of identify
Potions
 d - 10 potions of flight
 f - 4 potions of mutation
 g - 4 potions of haste
 h - 4 potions of berserk rage
 o - a potion of heal wounds
 p - 4 potions of agility
 r - 2 potions of resistance
 v - 2 potions of brilliance
 z - 6 potions of curing
 A - a potion of cancellation
 C - 2 potions of magic
 E - 5 potions of might
Comestibles
 c - 36 rations
 M - 3 chunks of flesh


   Skills:
 - Level 15.0 Fighting
 - Level 9.9(11.7) Axes
 - Level 10.5(12.0) Maces & Flails
 + Level 17.9 Armour
 - Level 10.0 Dodging


You had 13 spell levels left.
You didn't know any spells.
Your spell library was empty.

Dungeon Overview and Level Annotations

Branches:
Dungeon (11/15)            Temple (0/1) D:6            Lair (5/6) D:11
 Shoals (0/4) Lair:2       Spider (0/4) Lair:2        Slime (0/5) Lair:5
    Orc (0/2) D:9           Sewer (visited)

Altars:
Cheibriados
Elyvilon
Fedhas
Okawaru
Trog
Vehumet
Wu Jian

Annotations:
Lair:5 1 transporter, exclusion: oklob plant


Innate Abilities, Weirdness & Mutations

You reflexively headbutt those who attack you in melee.
You have a pair of horns on your head.
You can translocate small distances at will.
You are robust. (+10% HP)


Message History

You whack the swamp dragon!
The swamp dragon is almost dead.
The spiny frog stings you!
* * * LOW HITPOINT WARNING * * *
The swamp dragon bites you but does no damage.
The swamp dragon claws you but does no damage.
The swamp dragon barely misses you.
You hit the swamp dragon.
You kill the swamp dragon!
Trog accepts your kill. The spiny frog stings you!
* * * LOW HITPOINT WARNING * * *
You feel much better.
You recover from your berserk rage.
The spiny frog stings you!
* * * LOW HITPOINT WARNING * * *
The spiny frog stings you.
* * * LOW HITPOINT WARNING * * *
The spiny frog stings you!
You die...

# # ##..# #.#. #######
#..########°°○○○# ##
##.##○☼°°○.#°☼☼○°##.
#.##...#○☼☼°☼.#°°○☼○#..
#..p..#☼°#.#†F@°°%)#..
###....©#°○©...F°☼☼)©#©.
.#......#°°#.#.○○°°[[#..
#...#P..#○○°°°☼#○°○○°###
...p....#☼○°○○○#°○°☼°##
P...##.#########°°°☼.###
....#### ###..#######.#
P....# #.#.........##
#P..## #.....^......##


You could see 2 spiny frogs.

Vanquished Creatures
  Kirke (Lair:5)
  2 hydras
  3 two-headed ogres
  6 death yaks (Lair:4)
  A fire crab (Lair:4)
  A swamp dragon (Lair:5)
  An unseen horror (D:11)
  2 ugly things
  2 manticores (D:7)
  A centaur zombie (D:10)
  8 elephants (Lair:5)
  4 black mambas (Lair:5)
  7 spiny frogs
  A rime drake (Lair:5)
  7 komodo dragons
  3 trolls
  A slime creature (D:7)
  Grinder (D:5)
  6 hippogriffs
  11 blink frogs
  Sigmund (D:2)
  2 redbacks (Lair:2)
  A wyvern (Lair:3)
  2 hungry ghosts
  2 basilisks
  27 yaks
  10 water moccasins
  4 porcupines
  An ice beast (D:8)
  2 sky beasts
  7 orc warriors
  6 ogres
  3 phantoms
  10 centaurs
  17 wolves
  11 crocodiles
  4 big kobolds
  15 bullfrogs
  4 scorpions
  A water moccasin skeleton (D:11)
  14 killer bees
  2 electric eels
  12 wights
  6 howler monkeys
  6 crimson imps
  8 hounds
  8 jellies
  2 centaur skeletons
  4 orc priests
  Crazy Yiuf (D:2)
  4 iguanas
  14 orc wizards
  2 hell rats (Lair:4)
  9 worker ants
  2 hound zombies
  2 hound skeletons
  A worker ant zombie (D:11)
  5 gnolls
  16 adders
  A howler monkey skeleton (D:5)
  10 river rats
  A shadow imp (D:5)
  9 oozes
  An adder zombie (D:7)
  An adder skeleton (D:5)
  4 worms
  3 dart slugs
  5 leopard geckos
  40 orcs
  4 ball pythons
  10 bats
  5 giant cockroaches
  8 goblins
  8 hobgoblins
  22 jackals
  4 quokkas
  4 frilled lizards
  38 kobolds
  2 leopard gecko skeletons
  A quokka zombie (D:6)
  14 rats
  2 bushes
514 creatures vanquished.

Vanquished Creatures (others)
  An orc wizard (D:5)
  6 plants
7 creatures vanquished.

Grand Total: 521 creatures vanquished

Notes
Turn   | Place    | Note
-------+----------+-------------------------------------------
     0 | D:1      | Kohma the Minotaur Berserker began the quest for the Orb.
     0 | D:1      | Reached XP level 1. HP: 19/19 MP: 0/0
   214 | D:1      | Reached XP level 2. HP: 26/27 MP: 1/1
   239 | D:1      | Reached skill level 3 in Armour
   288 | D:1      | Reached XP level 3. HP: 28/33 MP: 2/2
   714 | D:1      | Reached ** piety under Trog
   901 | D:2      | Noticed Sigmund
   909 | D:2      | Killed Sigmund
   909 | D:2      | Reached skill level 5 in Fighting
   909 | D:2      | Reached skill level 5 in Axes
   909 | D:2      | Reached skill level 4 in Armour
   909 | D:2      | Reached XP level 4. HP: 42/42 MP: 3/3
   909 | D:2      | Reached XP level 5. HP: 48/48 MP: 4/4
  1791 | D:2      | Found a faded altar of an unknown god.
  1838 | D:2      | Found a runed translucent door.
  1839 | D:2      | Noticed Crazy Yiuf
  1853 | D:2      | Killed Crazy Yiuf
  1853 | D:2      | Reached XP level 6. HP: 56/56 MP: 5/5
  2101 | D:3      | Noticed an orc warrior
  2103 | D:3      | Reached skill level 5 in Armour
  2112 | D:3      | HP: 4/85 [orc warrior/+0 glaive (19)]
  2117 | D:3      | Killed an orc warrior
  2178 | D:3      | Reached *** piety under Trog
  2313 | D:3      | Found a glowing drain.
  2344 | Sewer    | Entered a sewer
  2785 | Sewer    | Reached XP level 7. HP: 61/63 MP: 6/6
  3005 | D:3      | Reached **** piety under Trog
  3266 | D:3      | Reached skill level 6 in Armour
  3713 | D:4      | Found a blossoming altar of Fedhas.
  4074 | D:4      | Found a bloodstained altar of Trog.
  4409 | D:4      | Found a radiant altar of Vehumet.
  4410 | D:4      | Found an ornate altar of the Wu Jian Council.
  4738 | D:5      | Entered Level 5 of the Dungeon
  4809 | D:5      | Reached XP level 8. HP: 69/73 MP: 7/7
  4812 | D:5      | Noticed Grinder
  4831 | D:5      | Killed Grinder
  4831 | D:5      | Reached skill level 7 in Armour
  5157 | D:5      | Got a bloodstained mace
  5164 | D:5      | Identified the +4 mace "Eptugent" {venom, *Contam Str+7
                  | Int+2} (You found it on level 5 of the Dungeon)
  5743 | D:6      | Found a staircase to the Ecumenical Temple.
  5761 | D:6      | Reached skill level 8 in Armour
  6079 | D:6      | Reached XP level 9. HP: 63/83 MP: 8/8
  6241 | D:6      | Found a white marble altar of Elyvilon.
  6314 | D:6      | Reached skill level 12 in Armour
  6314 | D:6      | Reached XP level 10. HP: 99/100 MP: 9/9
  6315 | D:6      | Reached XP level 11. HP: 105/106 MP: 10/10
  6507 | D:6      | Found an iron altar of Okawaru.
  6509 | D:6      | Found a snail-covered altar of Cheibriados.
  6970 | D:7      | Reached skill level 10 in Dodging
  6975 | D:7      | Noticed a cyan ugly thing
  6993 | D:7      | Killed a cyan ugly thing
  7218 | D:7      | Reached skill level 13 in Armour
  7262 | D:7      | Reached ***** piety under Trog
  7262 | D:7      | Received a gift from Trog
  7525 | D:7      | Found the +8 whip "Snakebite" {curare, rPois}
  7555 | D:7      | Gained mutation: You are occasionally teleported next to
                  | monsters. [mutagenic glow]
  7862 | D:8      | Reached skill level 1 in Maces & Flails
  8167 | D:8      | Noticed a two-headed ogre
  8176 | D:8      | Killed a two-headed ogre
  8423 | D:8      | Got an iridescent falchion
  8961 | D:9      | Lost mutation: You are occasionally teleported next to
                  | monsters. [potion of mutation]
  8961 | D:9      | Gained mutation: You can translocate small distances at
                  | will. [potion of mutation]
  8961 | D:9      | Gained mutation: Scrolls take you a little longer to read.
                  | [potion of mutation]
  8961 | D:9      | Gained mutation: You are robust. (+10% HP) [potion of
                  | mutation]
  8961 | D:9      | Lost mutation: Scrolls take you a little longer to read.
                  | [potion of mutation]
  9170 | D:9      | Found a staircase to the Orcish Mines.
  9532 | D:10     | Entered Level 10 of the Dungeon
  9750 | D:10     | Received a gift from Trog
  9754 | D:10     | Identified the +5 falchion of Qaosune {venom, +Rage rF+
                  | Str-3} (You found it on level 8 of the Dungeon)
  9983 | D:10     | Noticed a two-headed ogre
  9995 | D:10     | Killed a two-headed ogre
  9995 | D:10     | Reached XP level 12. HP: 99/127 MP: 8/11
 10489 | D:11     | Noticed a two-headed ogre
 10496 | D:11     | Killed a two-headed ogre
 10496 | D:11     | Reached skill level 5 in Maces & Flails
 10510 | D:11     | Found a staircase to the Lair.
 10679 | D:11     | Reached skill level 14 in Armour
 11242 | D:11     | Received a gift from Trog
 11459 | Lair:1   | Entered Level 1 of the Lair of Beasts
 12543 | Lair:2   | Identified a scroll of acquirement
 12543 | Lair:2   | Identified the +3 hat of the Stars {Str+2} (You acquired it
                  | on level 2 of the Lair of Beasts)
 12543 | Lair:2   | Identified the +5 rapier of Untruth {vamp, rPois MP+9
                  | Stlth+} (You acquired it on level 2 of the Lair of Beasts)
 12589 | Lair:2   | Found a hole to the Spider Nest.
 12609 | Lair:2   | Noticed a six-headed hydra
 12619 | Lair:2   | Killed a six-headed hydra
 12625 | Lair:2   | Reached skill level 15 in Fighting
 12717 | Lair:2   | Found a staircase to the Shoals.
 13146 | Lair:3   | Reached skill level 15 in Armour
 13146 | Lair:3   | Reached XP level 13. HP: 136/138 MP: 10/12
 13585 | Lair:3   | Received a gift from Trog
 14574 | Lair:4   | Reached skill level 10 in Maces & Flails
 14602 | Lair:4   | Reached skill level 16 in Armour
 15429 | Lair:5   | Received a gift from Trog
 15581 | Lair:5   | Found a staircase to the Slime Pits.
 15601 | Lair:5   | Reached skill level 17 in Armour
 16153 | Lair:5   | Noticed Kirke
 16163 | Lair:5   | Killed Kirke
 16170 | Lair:5   | Found a transporter.
 16194 | Lair:5   | Found a transporter.
 16195 | Lair:5   | Found the +7 Kryia's mail coat {PotionHeal*2 rC+}
 16201 | Lair:5   | Reached XP level 14. HP: 95/148 MP: 7/13
 16223 | Lair:5   | Slain by a spiny frog

Levels and vault maps discovered:
D:1:      lightli_arrival_isolated_outpost, layout_loops_ring,
          minmay_tromino_v4_a
D:2:      layout_rooms, chequers_ecumenical_altar_twisty, first_ration,
          kennysheep_path_1, minmay_misc_feat_x, uniq_crazy_yiuf_cottage,
          uniq_sigmund
D:3:      kennysheep_six_static_rooms, layout_loops_ring,
          cheibrodos_sewer_entry_bend
D:4:      layout_basic, kennysheep_mini_moat, minitemple, trog_book
D:5:      layout_loops_ring, minmay_hedge_maze, uniq_grinder
D:6:      layout_cave_pods, nicolae_overflow_crystal_walls,
          chequers_temple_overflow_statue_of_worship, temple_pool_b,
          minmay_misc_feat_room
D:7:      minmay_blocky_corners, layout_rooms
D:8:      layout_basic, hangedman_little_slice_of_home, minivault_14,
          kb_lookout_dungeons_type
D:9:      layout_loops_cross, orc_0_dummy
D:10:     layout_long_grid, hangedman_abyss_or_decor_passed, serial_park_tiny_2
D:11:     layout_stronghold, lair_entry_dummy, lightli_orcish_oven
Lair:1:   layout_chaotic_city, chequers_serial_rivers_large_b,
          grunt_megastairs_1
Lair:2:   beast_lair_carwin_large_1, layout_misc_corridors,
          minmay_shoals_entry_centaurs, spider_nest_entry_a, minivault_23
Lair:3:   layout_cave_pods, serial_bayou_shore_a
Lair:4:   layout_gridlike, kennysheep_rathole
Lair:5:   gammafunk_cloud_chamber, layout_concentric_octagons,
          minmay_slime_entry_oklob_open, minivault_11,
          minmay_lair_oklob_chamber, uniq_kirke

Skill      XL: |  1  2  3  4  5  6  7  8  9 10 11 12 13 |
---------------+----------------------------------------+-----
Fighting       | 4 5 6 7 9 12 13 15 | 15.0
Axes           | 4 5 6 7 9 |  9.9
Armour         | 3 4 5 6 8 12 13 15 17 | 17.9
Dodging        | 9 10 | 10.0
Maces & Flails | 4 8 10 | 10.5

Action                   |  1- 3 |  4- 6 |  7- 9 | 10-12 | 13-15 || total
-------------------------+-------+-------+-------+-------+-------++-------
Melee: Hand axe          |    76 |   180 |   176 |       |       ||   432
       Headbutt          |    13 |    28 |    53 |   140 |   101 ||   335
       Mace              |       |       |    74 |    72 |       ||   146
       Whip              |       |       |       |   580 |   383 ||   963
Invok: Berserk           |     1 |     2 |     1 |       |     1 ||     5
       Trog's Hand       |       |     2 |     1 |       |     1 ||     4
  Use: Scroll            |       |     4 |     5 |    17 |       ||    26
       Potion            |       |       |     2 |     2 |     1 ||     5
 Stab: Sleeping          |     1 |       |       |       |       ||     1
  Eat: Chunk             |       |    10 |     9 |    21 |    10 ||    50
       Ration            |       |       |     1 |     1 |       ||     2
Armor: Animal skin       |    20 |       |       |       |       ||    20
       Chain mail        |       |    88 |   141 |       |       ||   229
       Scale mail        |       |    10 |       |       |       ||    10
       Plate armour      |       |       |     2 |   388 |   165 ||   555
Dodge: Dodged            |    51 |    83 |    81 |   356 |   171 ||   742

Table legend:
 A = Non-vault XP
 B = Vault XP
 C = Vault XP percentage of total XP
 D = Non-vault monster count
 E = Vault monster count
 F = Vault count percentage of total count
                 A         B        C        D         E       F
            +---------+---------+-------+---------+---------+-------
      Total |   46749 |   10466 |  18.3 |     421 |      92 |  17.9
            +---------+---------+-------+---------+---------+-------
        D:1 |      57 |       3 |   5.0 |      28 |       2 |   6.7
        D:2 |      84 |     260 |  75.6 |      24 |       2 |   7.7
        D:3 |     203 |     147 |  42.0 |      35 |       8 |  18.6
        D:4 |     401 |       0 |   0.0 |      18 |       0 |   0.0
        D:5 |     609 |     277 |  31.3 |      20 |       1 |   4.8
        D:6 |    1071 |       0 |   0.0 |      26 |       0 |   0.0
        D:7 |     761 |    2461 |  76.4 |      22 |       7 |  24.1
        D:8 |    3062 |     283 |   8.5 |      40 |       9 |  18.4
        D:9 |     854 |       0 |   0.0 |      12 |       0 |   0.0
       D:10 |    3527 |       0 |   0.0 |      35 |       0 |   0.0
       D:11 |    5350 |     148 |   2.7 |      48 |       6 |  11.1
     Lair:1 |    4523 |     356 |   7.3 |      23 |       2 |   8.0
     Lair:2 |    1963 |    1735 |  46.9 |       9 |      14 |  60.9
     Lair:3 |    5259 |       0 |   0.0 |      24 |       0 |   0.0
     Lair:4 |   11063 |     173 |   1.5 |      27 |      11 |  28.9
     Lair:5 |    7962 |    4401 |  35.6 |      30 |       6 |  16.7
      Sewer |       0 |     222 | 100.0 |       0 |      24 | 100.0
            +---------+---------+-------+---------+---------+-------
